 Dungeon Crawl Stone Soup version 0.26-a0-1040-gbe3abf3417 (webtiles) character file.

Game seed: 9589720859455075089

56 Dracia the Poker (level 3, -2/29 HPs)
             Began as a Merfolk Delver on Dec 11, 2020.
             Slain by a gnoll
             ... wielding a +1 vorpal halberd
              (8 damage)
             ... on level 1 of the Dungeon.
             The game lasted 00:03:10 (1978 turns).

Dracia the Poker (Merfolk Delver)                   Turns: 1978, Time: 00:03:11

Health: -2/29      AC:  3    Str: 12    XL:     3   Next: 97%
Magic:  3/3        EV: 12    Int: 10    God:
Gold:   9          SH:  0    Dex: 15    Spells: 2/2 levels left

rFire    x . .     SeeInvis .   a - +0 spear
rCold    + . .     Faith    .   (no shield)
rNeg     . . .     Spirit   .   b - +0 leather armour
rPois    .         Reflect  .   (no helmet)
rElec    .         Harm     .   (no cloak)
rCorr    .         Rampage  .   (no gloves)
Will     .....                  (no boots)
Stlth    +++.......             (no amulet)
HPRegen  0.09/turn              C - ring of ice
MPRegen  0.08/turn              (no ring)

@: hasted, very quick
A: change form in water, swift swim, stealthy swim
a: no special abilities


You were on level 1 of the Dungeon.
You visited 1 branch of the dungeon, and saw 5 of its levels.

You collected 9 gold pieces.


   Skills:
 - Level 3.2 Fighting
 + Level 6.0 Polearms
 - Level 2.6 Dodging
 - Level 5.4 Stealth


You had 2 spell levels left.
You didn't know any spells.
Your spell library was empty.

Inventory:

Hand Weapons
 a - a +0 spear (weapon)
Missiles
 h - 18 arrows
Armour
 b - a +0 leather armour (worn)
Jewellery
 C - a ring of ice (left hand)
Wands
 g - a wand of digging (3)
Scrolls
 c - a scroll of fog
 d - a scroll of magic mapping
 e - a scroll of fear
 f - a scroll of remove curse {unknown}
 i - a scroll of identify {unknown}
Potions
 j - a potion of haste {@q3@q3}

Dungeon Overview and Level Annotations

Branches:
Dungeon (5/15)
 Temple: D:4-7

Altars:
Gozag

Annotations:
D:2 Sigmund
D:5 3 runed translucent doors, ploum's ghost, weakling GnDe

#.# #.#
#.# #.#
#.# #.#
## #.# ..
#.#####g#
#....@..#
#########


You could see a gnoll.


Message History

You hit the frilled lizard but do no damage.
The frilled lizard is heavily wounded.
The frilled lizard bites you.
You hit the frilled lizard.
You kill the frilled lizard!
No target in view!
HP restored.
A gnoll comes into view. It is wielding a +1 vorpal halberd.
A gnoll is nearby!
A gnoll is nearby!
The gnoll shouts!
The gnoll hits you from afar with a +1 vorpal halberd!
Ouch! That really hurt!
* * * LOW HITPOINT WARNING * * *
x2 You feel yourself speed up.
The gnoll closely misses you.
You are too injured to fight recklessly!
You are too injured to fight recklessly!
You are too injured to fight recklessly!
You are too injured to fight recklessly!
Reach: a) +0 spear
Press: ? - help, Dir - move target, f - gnoll
Aim: a gnoll, wielding a +1 vorpal halberd You reach to attack!
You hit the gnoll but do no damage.
Reach: a) +0 spear
Press: ? - help, Dir - move target, f/p - gnoll
Aim: a gnoll, wielding a +1 vorpal halberd You reach to attack!
You hit the gnoll.
The gnoll is lightly wounded.
The gnoll hits you from afar with a +1 vorpal halberd!
You die...

Skill      XL: |  1  2  3 |
---------------+----------+-----
Polearms       | 4 5 6 |  6.0
Fighting       | |  3.2
Dodging        | |  2.6
Stealth        | |  5.4

Action                   || total
-------------------------++-------
Melee: Spear             ||   145
  Use: Potion            ||     2
 Stab: Sleeping          ||     1
Armor: Leather armour    ||    26
Dodge: Dodged            ||    70

Levels and vault maps discovered:
D:1:      nicolae_arrival_memento_mori, layout_loops_ring,
          grunt_decor_resistance
D:2:      layout_basic, marbit_many_paths, chequers_garden,
          nicolae_qazlal_style_of_elements, uniq_sigmund
D:3:      layout_rooms, minivault_26
D:4:      cheibrodos_greedy_goblins, layout_cave_pools
D:5:      layout_gridville, serial_shops, shop_fountains,
          nicolae_shop_behind_doors, ebering_ghost_gozag,
          kennysheep_generic_room_15

Notes
Turn   | Place    | Note
-------+----------+-------------------------------------------
     0 | D:5      | Dracia the Merfolk Delver began the quest for the Orb.
     0 | D:5      | Reached XP level 1. HP: 18/18 MP: 1/1
     8 | D:5      | Noticed a worker ant
    36 | D:5      | Noticed a phantom
    54 | D:5      | Found a runed translucent gate.
    54 | D:5      | Found a runed translucent gate.
    55 | D:5      | Found a runed translucent gate.
    57 | D:5      | Found an opulent altar of Gozag.
    60 | D:5      | Noticed ploum's ghost (weakling GnDe)
   144 | D:4      | Noticed an ogre
   144 | D:4      | Noticed a worker ant
   189 | D:3      | HP: 1/18 [kobold/stone (2)]
   416 | D:2      | Reached skill level 4 in Polearms
   416 | D:2      | Reached XP level 2. HP: 6/24 MP: 2/2
   652 | D:2      | Noticed Sigmund
  1212 | D:2      | Reached skill level 5 in Polearms
  1212 | D:2      | Reached XP level 3. HP: 22/29 MP: 3/3
  1585 | D:2      | Reached skill level 6 in Polearms
  1599 | D:2      | HP: 2/29 [poisoned by an adder]
  1978 | D:1      | Slain by a gnoll

Vanquished Creatures
  3 adders (D:2)
  A worm (D:2)
  A dart slug (D:3)
  A leopard gecko (D:2)
  2 giant cockroaches (D:2)
  6 hobgoblins (D:2)
  4 kobolds
  3 bats
  A frilled lizard (D:1)
  3 rats (D:2)
25 creatures vanquished.

Table legend: (Time is in decaauts)
 A = Elapsed time spent in this place.
 B = Non-inter-level travel time spent in this place.
 C = Inter-level travel time spent in this place.
 D = Time resting spent in this place.
 E = Time spent auto-exploring this place.
 F = Levels seen in this place.
 G = Mean time per level.
                   A        B        C        D        E       F      G
               +--------+--------+--------+--------+--------+-----+--------+
         Total |   1940 |   1940 |      0 |   1264 |    215 |   5 |  388.0 |
       Dungeon |   1940 |   1940 |      0 |   1264 |    215 |   5 |  388.0 |
               +--------+--------+--------+--------+--------+-----+--------+

Top non-repeatable levels by time:
     D:2: 1520 daAuts
     D:3: 237 daAuts
     D:5: 143 daAuts
     D:1: 32 daAuts
     D:4: 5 daAuts

Table legend:
 A = Non-vault XP
 B = Vault XP
 C = Vault XP percentage of total XP
 D = Non-vault monster count
 E = Vault monster count
 F = Vault count percentage of total count
                 A         B        C        D         E       F
            +---------+---------+-------+---------+---------+-------
      Total |      81 |       0 |   0.0 |      25 |       0 |   0.0
            +---------+---------+-------+---------+---------+-------
        D:1 |       1 |       0 |   0.0 |       1 |       0 |   0.0
        D:2 |      71 |       0 |   0.0 |      20 |       0 |   0.0
        D:3 |       9 |       0 |   0.0 |       4 |       0 |   0.0
            +---------+---------+-------+---------+---------+-------
